WCHLSIM.com - West Coast Hockey League
Dernière mise à jour: 2025-12-07 16:11:59
html PUBLIC "-//W3C//DTD XHTML 1.0 Transitional//EN" "http://www.w3.org/TR/xhtml1/DTD/xhtml1-transitional.dtd"> WCHL - Game 226 - SAN JOSE BRONCOS vs SASKATOON DUCKS

SAN JOSE BRONCOS vs SASKATOON DUCKS

Created - 16 novembre 2024 at 16:26

Goals
1 2 3 T
SAN JOSE BRONCOS 2 1 2 5
SASKATOON DUCKS 2 0 0 2
Shots
1 2 3 T
SAN JOSE BRONCOS 14 9 16 39
SASKATOON DUCKS 13 4 11 28

1st period

1. SASKATOON DUCKS , Jake Guentzel 11 (Cam Atkinson 3, Sidney Crosby 12) at 6:10
2. SASKATOON DUCKS , Sidney Crosby 6 (Jake Guentzel 7) at 13:12
3. SAN JOSE BRONCOS , Clayton Keller 4 (Brayden Point 6, Jesper Bratt 7) at 16:42
4. SAN JOSE BRONCOS , Brett Leason 1 (Ilya Mikheyev 1, Jeff Carter 1) at 19:06

Penalties :
Jeff Carter (SJO) for Hooking (Minor) at 6:33

2nd period

5. SAN JOSE BRONCOS , Brayden Point 8 (Jesper Bratt 8, Clayton Keller 5) at 15:24

Penalties :
Timothy Liljegren (SJO) for Tripping (Minor) at 16:07

3rd period

6. SAN JOSE BRONCOS , Adam Pelech 2 (Oliver Bjorkstrand 5, Cole Caufield 8) at 2:46
7. SAN JOSE BRONCOS , Jesper Bratt 6 (Brayden Point 7, Clayton Keller 6) at 17:31 (PP)

Penalties :
Ivan Barbashev (SAS) for Tripping (Minor) at 16:44

Goalie Stats

Semyon Varlamov (SJO), 26 saves from 28 shots - (0,929), W, 4-9-1, 60:00 minutes
Cayden Primeau (SAS), 34 saves from 39 shots - (0,872), L, 1-4-1, 60:00 minutes

Players Stats for SAN JOSE BRONCOS

Player Name              G  A  P  +/- PIM S  H  SB GA TA FO     MP     PP MP  PK MP  
------------------------------------------------------------------------------------
Adam Pelech              1  0  1   2  0   1  1  0  0  0  0/0    20:23   0:00   2:15 
Brayden Point            1  2  3   1  0   1  0  0  0  0  7/20   22:10   0:47   2:28 
Brett Leason             1  0  1   1  0   5  0  0  0  0  0/1    12:28   0:00   0:00 
Clayton Keller           1  2  3   1  0   7  1  0  0  0  1/2    21:12   0:47   1:30 
Cole Caufield            0  1  1   0  0   3  2  0  0  0  0/2    17:19   0:00   0:00 
Ilya Mikheyev            0  1  1   1  0   2  1  0  0  0  0/1    12:28   0:00   0:00 
Jaccob Slavin            0  0  0  -1  0   2  1  2  0  0  0/0    23:57   0:47   2:07 
Jack Roslovic            0  0  0   0  0   3  0  0  0  0  6/16   17:19   0:00   0:00 
Jake Bean                0  0  0   1  0   0  1  0  0  0  0/0    16:15   0:00   0:11 
Jake Walman              0  0  0   1  0   1  0  2  0  0  0/0    16:45   0:00   0:41 
Jeff Carter              0  1  1   1  2   4  0  0  0  0  12/17  12:27   0:00   0:00 
Jesper Bratt             1  2  3   1  0   1  4  0  0  0  0/2    22:10   0:47   2:28 
Mattias Janmark-Nylen    0  0  0   0  0   0  0  0  0  0  0/0     6:33   0:00   0:00 
Oliver Bjorkstrand       0  1  1   0  0   7  1  0  0  0  0/0    18:49   0:00   1:30 
Thomas Harley            0  0  0  -1  0   0  0  1  0  0  0/0    23:33   0:47   1:43 
Timothy Liljegren        0  0  0   2  2   0  1  2  0  0  0/0    19:06   0:00   0:59 
Tyler Motte              0  0  0   0  0   0  0  0  0  0  0/0     6:33   0:00   0:00 
Zach Benson              0  0  0   0  0   2  0  0  0  0  3/5     6:33   0:00   0:00 

Players Stats for SASKATOON DUCKS

Player Name              G  A  P  +/- PIM S  H  SB GA TA FO     MP     PP MP  PK MP  
------------------------------------------------------------------------------------
Ben Chiarot              0  0  0  -1  0   0  1  2  0  0  0/0    20:24   2:11   0:10 
Cam Atkinson             0  1  1   0  0   2  1  0  0  0  0/1    19:23   0:00   0:27 
Emil Martinsen Lilleberg 0  0  0   0  0   0  2  0  0  0  0/0    15:03   0:00   0:00 
Erik Gustafsson          0  0  0   0  0   2  0  0  0  0  0/0    15:03   0:00   0:00 
Ivan Barbashev           0  0  0  -2  2   2  1  1  0  0  2/4    18:06   2:02   0:00 
Jake Guentzel            1  1  2   0  0   2  2  0  0  0  0/0    20:52   1:56   0:00 
Jake Sanderson           0  0  0  -1  0   1  2  5  0  0  0/0    24:33   1:47   0:37 
Jordan Staal             0  0  0   0  0   2  1  1  0  0  11/17  18:59   2:02   0:47 
Kailer Yamamoto          0  0  0   0  0   0  0  0  0  0  0/0     5:15   0:00   0:00 
Kasperi Kapanen          0  0  0   0  0   0  1  0  0  0  0/0     5:15   0:00   0:00 
Mathieu Joseph           0  0  0  -2  0   1  1  3  0  0  0/0    16:05   0:00   0:00 
Milan Lucic              0  0  0   0  0   0  0  0  0  0  0/0     0:00   0:00   0:00 
Ondrej Palat             0  0  0   0  0   3  0  0  0  0  0/2    17:01   2:02   0:00 
Robert Fabbri            0  0  0  -2  0   0  2  0  0  0  5/14   16:05   0:00   0:00 
Ryan Strome              0  0  0   0  0   3  1  0  0  0  2/4    21:19   1:56   0:20 
Samuel Girard            0  0  0  -1  0   2  1  2  0  0  0/0    20:24   2:11   0:10 
Sidney Crosby            1  1  2   0  0   6  0  2  0  0  17/24  20:52   1:56   0:00 
T.J. Brodie              0  0  0  -1  0   2  2  1  0  0  0/0    24:33   1:47   0:37 

3 Stars

1 - Jesper Bratt (SJO)
2 - Clayton Keller (SJO)
3 - Brayden Point (SJO)

Power Play

SAN JOSE BRONCOS - 1 on 1 Attempt(s) - 100,00%
SASKATOON DUCKS - 0 on 2 Attempt(s) - 0,00%

Penalty Kill

SAN JOSE BRONCOS - 2 on 2 Attempt(s) - 100,00% - Score 0 goal in Penalty Kill
SASKATOON DUCKS - 0 on 1 Attempt(s) - 0,00% - Score 0 goal in Penalty Kill

Team Stat

SAN JOSE BRONCOS - Hits : 13 - Faceoff Wins : 29 - Blocked Shots : 7 - Penalty Minutes : 4
SASKATOON DUCKS - Hits : 18 - Faceoff Wins : 37 - Blocked Shots : 17 - Penalty Minutes : 2

Official

Referees : Conor O'Donnell and Chris Lee
Linesman : Derek Nansen and Derek Wahl

Game Notes

No Game Note

Finance

Level 1 -- Attendance: 6600 (100,00%) -- Ticket Income 693 000 $
Level 2 -- Attendance: 5600 (100,00%) -- Ticket Income 364 000 $
Level 3 -- Attendance: 2200 (100,00%) -- Ticket Income 88 000 $
Level 4 -- Attendance: 4600 (100,00%) -- Ticket Income 115 000 $
Luxury Box -- Attendance: 1000 (100,00%) -- Ticket Income 205 000 $
Total Attendance: 20000 (100,00%)
Total Ticket Income: 1 465 000 $
Other Expense: 14 650 $
Total Income: 1 450 350 $

SAN JOSE BRONCOS

5 vs 5 Forward 
   Center                   Left Wing                Right Wing               Time % Phy DF OF 
 1 Brayden Point            Jesper Bratt             Clayton Keller           36     1   2  2  
 2 Jack Roslovic            Cole Caufield            Oliver Bjorkstrand       31     1   2  2  
 3 Jeff Carter              Ilya Mikheyev            Brett Leason             23     1   2  2  
 4 Zach Benson              Mattias Janmark-Nylen    Tyler Motte              10     1   2  2  

5 vs 5 Defense 
   Defense                  Defense                                           Time % Phy DF OF 
 1 Jaccob Slavin            Thomas Harley                                     36     1   2  2  
 2 Adam Pelech              Timothy Liljegren                                 31     1   2  2  
 3 Jake Walman              Jake Bean                                         23     1   2  2  
 4 Jaccob Slavin            Thomas Harley                                     10     1   2  2  

PowerPlay Forward 
   Center                   Left Wing                Right Wing               Time % Phy DF OF 
 1 Brayden Point            Jesper Bratt             Clayton Keller           55     1   2  2  
 2 Jack Roslovic            Cole Caufield            Oliver Bjorkstrand       45     1   2  2  

PowerPlay Defense
   Defense                  Defense                                           Time % Phy DF OF 
 1 Jaccob Slavin            Thomas Harley                                     55     1   2  2  
 2 Adam Pelech              Timothy Liljegren                                 45     1   2  2  

Penalty Kill 4 Players Forward 
   Center                   Wing                     Time % Phy DF OF 
 1 Brayden Point            Jesper Bratt             55     1   2  2  
 2 Clayton Keller           Oliver Bjorkstrand       45     1   2  2  

Penalty Kill 4 Players Defense
   Defense                  Defense                  Time % Phy DF OF 
 1 Jaccob Slavin            Thomas Harley            55     1   2  2  
 2 Adam Pelech              Timothy Liljegren        45     1   2  2  

Penalty Kill - 3 Players Forward 
   Forward                                           Time % Phy DF OF 
 1 Brayden Point                                     55     1   2  2  
 2 Jesper Bratt                                      45     1   2  2  

Penalty Kill - 3 Players Defense
   Defense                  Defense                  Time % Phy DF OF 
 1 Jaccob Slavin            Thomas Harley            55     1   2  2  
 2 Adam Pelech              Timothy Liljegren        45     1   2  2  

4 vs 4 Forward 
   Center                   Wing                     Time % Phy DF OF 
 1 Brayden Point            Jesper Bratt             55     1   2  2  
 2 Clayton Keller           Oliver Bjorkstrand       45     1   2  2  

4 vs 4 Defense
   Defense                  Defense                  Time % Phy DF OF 
 1 Jaccob Slavin            Thomas Harley            55     1   2  2  
 2 Adam Pelech              Timothy Liljegren        45     1   2  2  

Last Minutes Offensive
   Center                   Left Wing                Right Wing               Defense                  Defense                  
   Brayden Point            Jesper Bratt             Clayton Keller           Jaccob Slavin            Thomas Harley            

Last Minutes Defensive
   Center                   Left Wing                Right Wing               Defense                  Defense                  
   Brayden Point            Jesper Bratt             Clayton Keller           Jaccob Slavin            Thomas Harley            

Goaltenders
Starting : Semyon Varlamov          
Backup : Jonas Johansson          

Extra Forwards
Normal : Jeff Carter, Ilya Mikheyev, Brett Leason - PP : Jeff Carter, Ilya Mikheyev - PK : Brett Leason
Extra Defensemen
Normal : Jake Walman, Jake Bean, Adam Pelech - PP : Jake Walman - PK : Jake Bean, Adam Pelech
Penalty Shots
Brayden Point, Jesper Bratt, Clayton Keller, Oliver Bjorkstrand, Cole Caufield
Custom OT Lines Forwards
Brayden Point, Jesper Bratt, Clayton Keller, Oliver Bjorkstrand, Cole Caufield, Jack Roslovic, Jeff Carter, Ilya Mikheyev, Brett Leason, Zach Benson
Custom OT Lines Defensemen
Jaccob Slavin, Thomas Harley, Adam Pelech, Timothy Liljegren, Jake Walman

Scratches
Alex Goligoski (Healthy), Sonny Milano (Healthy)

SASKATOON DUCKS

5 vs 5 Forward 
   Center                   Left Wing                Right Wing               Time % Phy DF OF 
 1 Sidney Crosby            Jake Guentzel            Cam Atkinson             36     1   2  2  
 2 Jordan Staal             Ondrej Palat             Ryan Strome              31     1   2  2  
 3 Robert Fabbri            Mathieu Joseph           Ivan Barbashev           23     1   2  2  
 4 Ryan Strome              Kasperi Kapanen          Kailer Yamamoto          10     1   2  2  

5 vs 5 Defense 
   Defense                  Defense                                           Time % Phy DF OF 
 1 T.J. Brodie              Jake Sanderson                                    36     1   2  2  
 2 Ben Chiarot              Samuel Girard                                     31     1   2  2  
 3 Erik Gustafsson          Emil Martinsen Lilleberg                          23     1   2  2  
 4 T.J. Brodie              Jake Sanderson                                    10     1   2  2  

PowerPlay Forward 
   Center                   Left Wing                Right Wing               Time % Phy DF OF 
 1 Sidney Crosby            Jake Guentzel            Ryan Strome              55     1   2  2  
 2 Jordan Staal             Ondrej Palat             Ivan Barbashev           45     1   2  2  

PowerPlay Defense
   Defense                  Defense                                           Time % Phy DF OF 
 1 T.J. Brodie              Jake Sanderson                                    55     1   2  2  
 2 Ben Chiarot              Samuel Girard                                     45     1   2  2  

Penalty Kill 4 Players Forward 
   Center                   Wing                     Time % Phy DF OF 
 1 Jordan Staal             Cam Atkinson             55     1   2  2  
 2 Ryan Strome              Ivan Barbashev           45     1   2  2  

Penalty Kill 4 Players Defense
   Defense                  Defense                  Time % Phy DF OF 
 1 T.J. Brodie              Jake Sanderson           55     1   2  2  
 2 Ben Chiarot              Samuel Girard            45     1   2  2  

Penalty Kill - 3 Players Forward 
   Forward                                           Time % Phy DF OF 
 1 Jordan Staal                                      55     1   2  2  
 2 Ivan Barbashev                                    45     1   2  2  

Penalty Kill - 3 Players Defense
   Defense                  Defense                  Time % Phy DF OF 
 1 T.J. Brodie              Jake Sanderson           55     1   2  2  
 2 Ben Chiarot              Samuel Girard            45     1   2  2  

4 vs 4 Forward 
   Center                   Wing                     Time % Phy DF OF 
 1 Sidney Crosby            Ryan Strome              55     1   2  2  
 2 Jordan Staal             Ivan Barbashev           45     1   2  2  

4 vs 4 Defense
   Defense                  Defense                  Time % Phy DF OF 
 1 T.J. Brodie              Jake Sanderson           55     1   2  2  
 2 Ben Chiarot              Samuel Girard            45     1   2  2  

Last Minutes Offensive
   Center                   Left Wing                Right Wing               Defense                  Defense                  
   Sidney Crosby            Jordan Staal             Ryan Strome              T.J. Brodie              Jake Sanderson           

Last Minutes Defensive
   Center                   Left Wing                Right Wing               Defense                  Defense                  
   Sidney Crosby            Jordan Staal             Ondrej Palat             T.J. Brodie              Jake Sanderson           

Goaltenders
Starting : Cayden Primeau           
Backup : Matt Tomkins             

Extra Forwards
Normal : Ivan Barbashev, Mathieu Joseph, Cam Atkinson - PP : Milan Lucic, Mathieu Joseph - PK : Cam Atkinson
Extra Defensemen
Normal : Erik Gustafsson, Emil Martinsen Lilleberg, Ben Chiarot - PP : Erik Gustafsson - PK : Emil Martinsen Lilleberg, Ben Chiarot
Penalty Shots
Sidney Crosby, Jake Guentzel, Jordan Staal, Ivan Barbashev, Ondrej Palat
Custom OT Lines Forwards
Sidney Crosby, Jake Guentzel, Jordan Staal, Ivan Barbashev, Ondrej Palat, Ryan Strome, Mathieu Joseph, Cam Atkinson, Robert Fabbri, Kasperi Kapanen
Custom OT Lines Defensemen
T.J. Brodie, Jake Sanderson, Ben Chiarot, Samuel Girard, Erik Gustafsson

Scratches
Tristan Jarry (Fractured Metatarsal (Right Foot) Injury)

% Time on Ice - SAN JOSE BRONCOS

Lines # - Real PCT - Wanted PCT - Time Play
Normal Forward
1 - 34% - 36% - 18:55
2 - 31% - 31% - 17:19
3 - 23% - 23% - 12:28
4 - 12% - 10% - 6:33
Normal Defense
1 - 33% - 36% - 18:11
2 - 33% - 31% - 18:08
3 - 29% - 23% - 16:04
4 - 5% - 10% - 2:52
PP Forward
1 - 100% - 55% - 0:47
2 - 0% - 45% - 0:00
PP Defense
1 - 100% - 55% - 0:47
2 - 0% - 45% - 0:00
PK Forward
1 - 62% - 55% - 2:28
2 - 38% - 45% - 1:30
PK Defense
1 - 43% - 55% - 1:43
2 - 57% - 45% - 2:15
PK3 Forward
1 - 0% - 55%
2 - 0% - 45%
PK3 Defense
1 - 0% - 55%
2 - 0% - 45%
44 Forward
1 - 0% - 55%
2 - 0% - 45%
44 Defense
1 - 0% - 55%
2 - 0% - 45%
Last Minute Offensive  - 0:00
Last Minute Defensive  - 0:00
Total
Forward - 60:00
Defense - 60:00

% Time on Ice - SASKATOON DUCKS

Lines # - Real PCT - Wanted PCT - Time Play
Normal Forward
1 - 34% - 36% - 18:56
2 - 27% - 31% - 14:59
3 - 29% - 23% - 16:05
4 - 10% - 10% - 5:15
Normal Defense
1 - 33% - 36% - 18:25
2 - 33% - 31% - 18:03
3 - 27% - 23% - 15:03
4 - 7% - 10% - 3:44
PP Forward
1 - 49% - 55% - 1:56
2 - 51% - 45% - 2:02
PP Defense
1 - 45% - 55% - 1:47
2 - 55% - 45% - 2:11
PK Forward
1 - 57% - 55% - 0:27
2 - 43% - 45% - 0:20
PK Defense
1 - 79% - 55% - 0:37
2 - 21% - 45% - 0:10
PK3 Forward
1 - 0% - 55%
2 - 0% - 45%
PK3 Defense
1 - 0% - 55%
2 - 0% - 45%
44 Forward
1 - 0% - 55%
2 - 0% - 45%
44 Defense
1 - 0% - 55%
2 - 0% - 45%
Last Minute Offensive  - 0:00
Last Minute Defensive  - 0:00
Total
Forward - 60:00
Defense - 60:00

Play-by-Play

1st period


0:01 of 1st period - Sidney Crosby wins face-off versus Brayden Point in neutral zone.
0:45 of 1st period - Shot by Brayden Point.
0:45 of 1st period - Shot Blocked by Sidney Crosby.
1:07 of 1st period - Off-side.
1:08 of 1st period - Jeff Carter wins face-off versus Robert Fabbri in neutral zone.
1:17 of 1st period - Shot by Brett Leason.
1:17 of 1st period - Stopped by Cayden Primeau without a rebound.
1:18 of 1st period - Jordan Staal wins face-off versus Jack Roslovic in SASKATOON DUCKS zone.
1:25 of 1st period - Shot by Ryan Strome.
1:25 of 1st period - Shot Misses the Net.
2:45 of 1st period - Shot by Ilya Mikheyev.
2:45 of 1st period - Stopped by Cayden Primeau without a rebound.
2:46 of 1st period - Zach Benson wins face-off versus Sidney Crosby in SASKATOON DUCKS zone.
4:13 of 1st period - Shot by Clayton Keller.
4:13 of 1st period - Stopped by Cayden Primeau without a rebound.
4:14 of 1st period - Ivan Barbashev wins face-off versus Jeff Carter in SASKATOON DUCKS zone.
4:30 of 1st period - Ivan Barbashev is hit by Adam Pelech and loses puck.
4:38 of 1st period - Brett Leason is hit by Emil Martinsen Lilleberg and loses puck.
4:50 of 1st period - Brett Leason is hit by Emil Martinsen Lilleberg and loses puck.
5:26 of 1st period - Icing by Jake Walman.
5:27 of 1st period - Jordan Staal wins face-off versus Brayden Point in SAN JOSE BRONCOS zone.
5:40 of 1st period - Shot by Clayton Keller.
5:40 of 1st period - Stopped by Cayden Primeau with a rebound.
5:42 of 1st period - Shot by Jake Walman.
5:42 of 1st period - Shot Blocked by T.J. Brodie.
5:50 of 1st period - Shot by Brayden Point.
5:50 of 1st period - Deflect By Clayton Keller.
5:50 of 1st period - Stopped by Cayden Primeau without a rebound.
5:51 of 1st period - Sidney Crosby wins face-off versus Jack Roslovic in SASKATOON DUCKS zone.
6:10 of 1st period - Shot by Jake Guentzel.
6:10 of 1st period - Goal by Jake Guentzel - SAN JOSE BRONCOS : 0 - SASKATOON DUCKS : 1.
6:11 of 1st period - Jeff Carter wins face-off versus Jordan Staal in neutral zone.
6:13 of 1st period - Brett Leason is hit by Ryan Strome and loses puck.
6:17 of 1st period - Adam Pelech is hit by T.J. Brodie and loses puck.
6:33 of 1st period - Minor Penalty to Jeff Carter for Hooking.
6:34 of 1st period - Sidney Crosby wins face-off versus Brayden Point in SAN JOSE BRONCOS zone.
7:16 of 1st period - Shot by Sidney Crosby.
7:16 of 1st period - Shot Misses the Net.
7:34 of 1st period - Shot by Jake Sanderson.
7:34 of 1st period - Stopped by Semyon Varlamov with a rebound.
7:48 of 1st period - Shot by Ondrej Palat.
7:48 of 1st period - Stopped by Semyon Varlamov without a rebound.
7:49 of 1st period - Clayton Keller wins face-off versus Ondrej Palat in SAN JOSE BRONCOS zone.
8:03 of 1st period - Oliver Bjorkstrand is hit by Ivan Barbashev and loses puck.
8:15 of 1st period - Shot by Ondrej Palat.
8:15 of 1st period - Stopped by Semyon Varlamov without a rebound.
8:16 of 1st period - Brayden Point wins face-off versus Sidney Crosby in SAN JOSE BRONCOS zone.
8:25 of 1st period - Jesper Bratt is hit by Jake Guentzel and loses puck.
8:46 of 1st period - Shot by Ivan Barbashev.
8:46 of 1st period - Shot Blocked by Jake Walman.
8:48 of 1st period - Shot by Mathieu Joseph.
8:48 of 1st period - Stopped by Semyon Varlamov with a rebound.
8:50 of 1st period - Shot by Erik Gustafsson.
8:50 of 1st period - Stopped by Semyon Varlamov without a rebound.
8:51 of 1st period - Sidney Crosby wins face-off versus Jack Roslovic in SAN JOSE BRONCOS zone.
9:35 of 1st period - Shot by Jake Guentzel.
9:35 of 1st period - Shot Misses the Net.
10:04 of 1st period - Shot by Ryan Strome.
10:04 of 1st period - Shot Misses the Net.
10:33 of 1st period - Oliver Bjorkstrand is hit by Mathieu Joseph and loses puck.
10:38 of 1st period - Emil Martinsen Lilleberg is hit by Cole Caufield and loses puck.
11:13 of 1st period - Shot by Brayden Point.
11:13 of 1st period - Shot Misses the Net.
11:25 of 1st period - Shot by Brayden Point.
11:25 of 1st period - Shot Blocked by Mathieu Joseph.
11:27 of 1st period - Shot by Adam Pelech.
11:27 of 1st period - Shot Misses the Net.
12:05 of 1st period - Shot by Sidney Crosby.
12:05 of 1st period - Shot Misses the Net.
12:07 of 1st period - Shot by Samuel Girard.
12:07 of 1st period - Stopped by Semyon Varlamov with a rebound.
12:09 of 1st period - Shot by Jake Guentzel.
12:09 of 1st period - Stopped by Semyon Varlamov without a rebound.
12:10 of 1st period - Jordan Staal wins face-off versus Zach Benson in SAN JOSE BRONCOS zone.
12:36 of 1st period - Icing by Jake Sanderson.
12:37 of 1st period - Jeff Carter wins face-off versus Jordan Staal in SASKATOON DUCKS zone.
12:43 of 1st period - Icing by T.J. Brodie.
12:44 of 1st period - Jeff Carter wins face-off versus Jordan Staal in SASKATOON DUCKS zone.
12:49 of 1st period - Shot by Brett Leason.
12:49 of 1st period - Stopped by Cayden Primeau with a rebound.
12:51 of 1st period - Shot by Jake Walman.
12:51 of 1st period - Stopped by Cayden Primeau with a rebound.
12:58 of 1st period - Shot by Ilya Mikheyev.
12:58 of 1st period - Stopped by Cayden Primeau without a rebound.
12:59 of 1st period - Sidney Crosby wins face-off versus Brayden Point in SASKATOON DUCKS zone.
13:12 of 1st period - Shot by Sidney Crosby.
13:12 of 1st period - Goal by Sidney Crosby - SAN JOSE BRONCOS : 0 - SASKATOON DUCKS : 2.
13:13 of 1st period - Jack Roslovic wins face-off versus Ryan Strome in neutral zone.
13:48 of 1st period - Shot by Cole Caufield.
13:48 of 1st period - Stopped by Cayden Primeau without a rebound.
13:49 of 1st period - Sidney Crosby wins face-off versus Brayden Point in SASKATOON DUCKS zone.
13:58 of 1st period - Shot by Sidney Crosby.
13:58 of 1st period - Shot Misses the Net.
14:00 of 1st period - Shot by Cam Atkinson.
14:00 of 1st period - Shot Blocked by Jaccob Slavin.
14:16 of 1st period - Shot by Cam Atkinson.
14:16 of 1st period - Stopped by Semyon Varlamov without a rebound.
14:17 of 1st period - Jeff Carter wins face-off versus Robert Fabbri in SAN JOSE BRONCOS zone.
14:32 of 1st period - Brett Leason is hit by Jake Sanderson and loses puck.
14:53 of 1st period - Shot by Ivan Barbashev.
14:53 of 1st period - Shot Misses the Net.
14:55 of 1st period - Shot by T.J. Brodie.
14:55 of 1st period - Stopped by Semyon Varlamov without a rebound.
14:56 of 1st period - Sidney Crosby wins face-off versus Jesper Bratt in SAN JOSE BRONCOS zone.
15:05 of 1st period - Shot by Jake Guentzel.
15:05 of 1st period - Shot Blocked by Thomas Harley.
15:07 of 1st period - Shot by Sidney Crosby.
15:07 of 1st period - Stopped by Semyon Varlamov without a rebound.
15:08 of 1st period - Jordan Staal wins face-off versus Jack Roslovic in SAN JOSE BRONCOS zone.
15:21 of 1st period - Shot by Ryan Strome.
15:21 of 1st period - Shot Blocked by Timothy Liljegren.
15:23 of 1st period - Shot by Ryan Strome.
15:23 of 1st period - Stopped by Semyon Varlamov with a rebound.
16:42 of 1st period - Shot by Clayton Keller.
16:42 of 1st period - Goal by Clayton Keller - SAN JOSE BRONCOS : 1 - SASKATOON DUCKS : 2.
16:43 of 1st period - Robert Fabbri wins face-off versus Brett Leason in neutral zone.
17:13 of 1st period - Shot by Brett Leason.
17:13 of 1st period - Deflect By Jeff Carter.
17:13 of 1st period - Stopped by Cayden Primeau without a rebound.
17:14 of 1st period - Jordan Staal wins face-off versus Jesper Bratt in SASKATOON DUCKS zone.
17:14 of 1st period - Jordan Staal is hit by Jesper Bratt.
17:25 of 1st period - Ondrej Palat is hit by Jesper Bratt and loses puck.
17:42 of 1st period - Shot by Brayden Point.
17:42 of 1st period - Shot Misses the Net.
18:12 of 1st period - Shot by Oliver Bjorkstrand.
18:12 of 1st period - Stopped by Cayden Primeau without a rebound.
18:13 of 1st period - Jack Roslovic wins face-off versus Sidney Crosby in SASKATOON DUCKS zone.
18:18 of 1st period - Shot by Adam Pelech.
18:18 of 1st period - Shot Blocked by Sidney Crosby.
18:56 of 1st period - Shot by Cole Caufield.
18:56 of 1st period - Shot Blocked by Jake Sanderson.
18:58 of 1st period - Shot by Cole Caufield.
18:58 of 1st period - Stopped by Cayden Primeau without a rebound.
18:59 of 1st period - Jeff Carter wins face-off versus Robert Fabbri in SASKATOON DUCKS zone.
19:06 of 1st period - Shot by Brett Leason.
19:06 of 1st period - Goal by Brett Leason - SAN JOSE BRONCOS : 2 - SASKATOON DUCKS : 2.
19:07 of 1st period - Robert Fabbri wins face-off versus Brayden Point in neutral zone.
19:24 of 1st period - Icing by Samuel Girard.
19:25 of 1st period - Zach Benson wins face-off versus Robert Fabbri in SASKATOON DUCKS zone.
Goals for this period are 2 for SAN JOSE BRONCOS vs 2 for SASKATOON DUCKS.
Shots for this period are 14 for SAN JOSE BRONCOS vs 13 for SASKATOON DUCKS.

2nd period


0:01 of 2nd period - Sidney Crosby wins face-off versus Brayden Point in neutral zone.
0:39 of 2nd period - Icing by Sidney Crosby.
0:40 of 2nd period - Jeff Carter wins face-off versus Sidney Crosby in SASKATOON DUCKS zone.
0:45 of 2nd period - Shot by Brett Leason.
0:45 of 2nd period - Shot Misses the Net.
1:26 of 2nd period - Icing by Timothy Liljegren.
1:27 of 2nd period - Jeff Carter wins face-off versus Ivan Barbashev in SAN JOSE BRONCOS zone.
2:03 of 2nd period - Shot by Ivan Barbashev.
2:03 of 2nd period - Stopped by Semyon Varlamov with a rebound.
2:13 of 2nd period - Thomas Harley is hit by Robert Fabbri and loses puck.
2:56 of 2nd period - Shot by Jack Roslovic.
2:56 of 2nd period - Stopped by Cayden Primeau with a rebound.
3:07 of 2nd period - Shot by Cole Caufield.
3:07 of 2nd period - Stopped by Cayden Primeau without a rebound.
3:08 of 2nd period - Zach Benson wins face-off versus Cam Atkinson in SASKATOON DUCKS zone.
3:29 of 2nd period - Shot by Tyler Motte.
3:29 of 2nd period - Shot Misses the Net.
3:31 of 2nd period - Shot by Timothy Liljegren.
3:31 of 2nd period - Deflect By Zach Benson.
3:31 of 2nd period - Shot Misses the Net.
3:35 of 2nd period - Shot by Zach Benson.
3:35 of 2nd period - Stopped by Cayden Primeau with a rebound.
4:12 of 2nd period - Brayden Point is hit by Ben Chiarot and loses puck.
4:26 of 2nd period - Icing by Ben Chiarot.
4:27 of 2nd period - Jordan Staal wins face-off versus Cole Caufield in SASKATOON DUCKS zone.
4:37 of 2nd period - Oliver Bjorkstrand is hit by Samuel Girard and loses puck.
4:54 of 2nd period - Shot by Cole Caufield.
4:54 of 2nd period - Deflect By Oliver Bjorkstrand.
4:54 of 2nd period - Shot Blocked by Samuel Girard.
4:56 of 2nd period - Shot by Jake Walman.
4:56 of 2nd period - Shot Misses the Net.
4:58 of 2nd period - Shot by Jack Roslovic.
4:58 of 2nd period - Shot Misses the Net.
5:20 of 2nd period - Icing by Ben Chiarot.
5:21 of 2nd period - Jordan Staal wins face-off versus Brayden Point in SASKATOON DUCKS zone.
6:00 of 2nd period - Shot by Brayden Point.
6:00 of 2nd period - Shot Misses the Net.
6:06 of 2nd period - Shot by Clayton Keller.
6:06 of 2nd period - Stopped by Cayden Primeau without a rebound.
6:07 of 2nd period - Jeff Carter wins face-off versus Ivan Barbashev in SASKATOON DUCKS zone.
6:10 of 2nd period - Shot by Brett Leason.
6:10 of 2nd period - Stopped by Cayden Primeau without a rebound.
6:11 of 2nd period - Jeff Carter wins face-off versus Robert Fabbri in SASKATOON DUCKS zone.
6:28 of 2nd period - Shot by Brett Leason.
6:28 of 2nd period - Shot Blocked by Ivan Barbashev.
6:42 of 2nd period - Shot by Ivan Barbashev.
6:42 of 2nd period - Shot Misses the Net.
7:24 of 2nd period - Shot by Clayton Keller.
7:24 of 2nd period - Shot Blocked by Jake Sanderson.
9:44 of 2nd period - Brett Leason is hit by Jake Sanderson and loses puck.
10:07 of 2nd period - Shot by Brett Leason.
10:07 of 2nd period - Stopped by Cayden Primeau with a rebound.
10:35 of 2nd period - Shot by Tyler Motte.
10:35 of 2nd period - Shot Misses the Net.
12:21 of 2nd period - Shot by Mathieu Joseph.
12:21 of 2nd period - Shot Misses the Net.
12:43 of 2nd period - Shot by Jake Guentzel.
12:43 of 2nd period - Shot Misses the Net.
12:45 of 2nd period - Shot by Samuel Girard.
12:45 of 2nd period - Shot Misses the Net.
12:47 of 2nd period - Shot by Samuel Girard.
12:47 of 2nd period - Stopped by Semyon Varlamov with a rebound.
12:49 of 2nd period - Shot by Sidney Crosby.
12:49 of 2nd period - Shot Blocked by Jake Walman.
13:22 of 2nd period - Kailer Yamamoto is hit by Clayton Keller and loses puck.
13:42 of 2nd period - Shot by Jesper Bratt.
13:42 of 2nd period - Shot Misses the Net.
13:44 of 2nd period - Shot by Brayden Point.
13:44 of 2nd period - Shot Blocked by Jake Sanderson.
13:46 of 2nd period - Shot by Brayden Point.
13:46 of 2nd period - Shot Misses the Net.
13:48 of 2nd period - Shot by Thomas Harley.
13:48 of 2nd period - Shot Misses the Net.
14:13 of 2nd period - Icing by Adam Pelech.
14:14 of 2nd period - Jack Roslovic wins face-off versus Robert Fabbri in SAN JOSE BRONCOS zone.
14:14 of 2nd period - Jack Roslovic is hit by Robert Fabbri.
14:24 of 2nd period - Shot by Oliver Bjorkstrand.
14:24 of 2nd period - Shot Blocked by Mathieu Joseph.
14:32 of 2nd period - Shot by Oliver Bjorkstrand.
14:32 of 2nd period - Shot Misses the Net.
14:34 of 2nd period - Shot by Oliver Bjorkstrand.
14:34 of 2nd period - Shot Misses the Net.
14:38 of 2nd period - Shot by Oliver Bjorkstrand.
14:38 of 2nd period - Stopped by Cayden Primeau without a rebound.
14:39 of 2nd period - Sidney Crosby wins face-off versus Jeff Carter in SASKATOON DUCKS zone.
14:59 of 2nd period - Icing by Jeff Carter.
15:00 of 2nd period - Robert Fabbri wins face-off versus Ilya Mikheyev in SAN JOSE BRONCOS zone.
15:01 of 2nd period - Shot by Mathieu Joseph.
15:01 of 2nd period - Deflect By Ivan Barbashev.
15:01 of 2nd period - Stopped by Semyon Varlamov with a rebound.
15:03 of 2nd period - Shot by Erik Gustafsson.
15:03 of 2nd period - Stopped by Semyon Varlamov without a rebound.
15:04 of 2nd period - Brayden Point wins face-off versus Sidney Crosby in SAN JOSE BRONCOS zone.
15:04 of 2nd period - Brayden Point is hit by Cam Atkinson.
15:09 of 2nd period - Clayton Keller is hit by Jake Guentzel and loses puck.
15:24 of 2nd period - Shot by Brayden Point.
15:24 of 2nd period - Goal by Brayden Point - SAN JOSE BRONCOS : 3 - SASKATOON DUCKS : 2.
15:25 of 2nd period - Jack Roslovic wins face-off versus Robert Fabbri in neutral zone.
15:48 of 2nd period - Shot by Cole Caufield.
15:48 of 2nd period - Deflect By Jack Roslovic.
15:48 of 2nd period - Stopped by Cayden Primeau without a rebound.
15:49 of 2nd period - Sidney Crosby wins face-off versus Brayden Point in SASKATOON DUCKS zone.
15:49 of 2nd period - Sidney Crosby is hit by Jesper Bratt.
16:07 of 2nd period - Minor Penalty to Timothy Liljegren for Tripping.
16:08 of 2nd period - Brayden Point wins face-off versus Ondrej Palat in SAN JOSE BRONCOS zone.
16:08 of 2nd period - Brayden Point is hit by Jordan Staal.
17:27 of 2nd period - Shot by Sidney Crosby.
17:27 of 2nd period - Shot Blocked by Jaccob Slavin.
17:55 of 2nd period - Icing by Ben Chiarot.
17:56 of 2nd period - Ivan Barbashev wins face-off versus Clayton Keller in SASKATOON DUCKS zone.
18:36 of 2nd period - Shot by Robert Fabbri.
18:36 of 2nd period - Shot Misses the Net.
19:20 of 2nd period - Kasperi Kapanen is hit by Cole Caufield and loses puck.
19:27 of 2nd period - Shot by Jack Roslovic.
19:27 of 2nd period - Shot Misses the Net.
Goals for this period are 1 for SAN JOSE BRONCOS vs 0 for SASKATOON DUCKS.
Shots for this period are 9 for SAN JOSE BRONCOS vs 4 for SASKATOON DUCKS.

3rd period


0:01 of 3rd period - Brayden Point wins face-off versus Jordan Staal in neutral zone.
0:47 of 3rd period - Shot by Clayton Keller.
0:47 of 3rd period - Stopped by Cayden Primeau without a rebound.
0:48 of 3rd period - Jack Roslovic wins face-off versus Sidney Crosby in SASKATOON DUCKS zone.
0:55 of 3rd period - Shot by Oliver Bjorkstrand.
0:55 of 3rd period - Stopped by Cayden Primeau with a rebound.
0:57 of 3rd period - Shot by Oliver Bjorkstrand.
0:57 of 3rd period - Stopped by Cayden Primeau without a rebound.
0:58 of 3rd period - Sidney Crosby wins face-off versus Jeff Carter in SASKATOON DUCKS zone.
1:03 of 3rd period - Shot by Jake Guentzel.
1:03 of 3rd period - Shot Misses the Net.
1:33 of 3rd period - Shot by Jeff Carter.
1:33 of 3rd period - Stopped by Cayden Primeau without a rebound.
1:34 of 3rd period - Jordan Staal wins face-off versus Brayden Point in SASKATOON DUCKS zone.
2:02 of 3rd period - Shot by Brayden Point.
2:02 of 3rd period - Deflect By Clayton Keller.
2:02 of 3rd period - Shot Blocked by Ben Chiarot.
2:44 of 3rd period - Shot by Oliver Bjorkstrand.
2:44 of 3rd period - Stopped by Cayden Primeau with a rebound.
2:46 of 3rd period - Shot by Adam Pelech.
2:46 of 3rd period - Goal by Adam Pelech - SAN JOSE BRONCOS : 4 - SASKATOON DUCKS : 2.
2:47 of 3rd period - Sidney Crosby wins face-off versus Jeff Carter in neutral zone.
2:54 of 3rd period - Shot by Sidney Crosby.
2:54 of 3rd period - Stopped by Semyon Varlamov without a rebound.
2:55 of 3rd period - Sidney Crosby wins face-off versus Jack Roslovic in SAN JOSE BRONCOS zone.
2:58 of 3rd period - Shot by Jake Guentzel.
2:58 of 3rd period - Shot Blocked by Timothy Liljegren.
3:39 of 3rd period - Shot by Sidney Crosby.
3:39 of 3rd period - Stopped by Semyon Varlamov with a rebound.
4:44 of 3rd period - Shot by Ondrej Palat.
4:44 of 3rd period - Stopped by Semyon Varlamov with a rebound.
6:13 of 3rd period - Shot by Zach Benson.
6:13 of 3rd period - Stopped by Cayden Primeau without a rebound.
6:14 of 3rd period - Ryan Strome wins face-off versus Jack Roslovic in SASKATOON DUCKS zone.
6:21 of 3rd period - Thomas Harley is hit by Kasperi Kapanen and loses puck.
6:32 of 3rd period - Shot by Ryan Strome.
6:32 of 3rd period - Shot Misses the Net.
6:40 of 3rd period - Shot by Ryan Strome.
6:40 of 3rd period - Stopped by Semyon Varlamov without a rebound.
6:41 of 3rd period - Sidney Crosby wins face-off versus Brayden Point in SAN JOSE BRONCOS zone.
6:45 of 3rd period - Jake Guentzel is hit by Jake Bean and loses puck.
7:14 of 3rd period - Shot by Sidney Crosby.
7:14 of 3rd period - Stopped by Semyon Varlamov with a rebound.
7:49 of 3rd period - Shot by Oliver Bjorkstrand.
7:49 of 3rd period - Stopped by Cayden Primeau with a rebound.
7:51 of 3rd period - Shot by Oliver Bjorkstrand.
7:51 of 3rd period - Shot Misses the Net.
7:53 of 3rd period - Shot by Adam Pelech.
7:53 of 3rd period - Shot Misses the Net.
7:55 of 3rd period - Shot by Jack Roslovic.
7:55 of 3rd period - Stopped by Cayden Primeau with a rebound.
9:41 of 3rd period - Shot by Clayton Keller.
9:41 of 3rd period - Shot Blocked by Jake Sanderson.
9:43 of 3rd period - Shot by Clayton Keller.
9:43 of 3rd period - Shot Misses the Net.
9:45 of 3rd period - Shot by Clayton Keller.
9:45 of 3rd period - Stopped by Cayden Primeau without a rebound.
9:46 of 3rd period - Robert Fabbri wins face-off versus Jack Roslovic in SASKATOON DUCKS zone.
10:48 of 3rd period - Icing by Jaccob Slavin.
10:49 of 3rd period - Ryan Strome wins face-off versus Zach Benson in SAN JOSE BRONCOS zone.
10:49 of 3rd period - Ryan Strome is hit by Jaccob Slavin.
10:58 of 3rd period - Jaccob Slavin is hit by T.J. Brodie and loses puck.
11:01 of 3rd period - Shot by Jaccob Slavin.
11:01 of 3rd period - Stopped by Cayden Primeau without a rebound.
11:02 of 3rd period - Sidney Crosby wins face-off versus Brayden Point in SASKATOON DUCKS zone.
11:43 of 3rd period - Shot by Jesper Bratt.
11:43 of 3rd period - Shot Blocked by Ben Chiarot.
12:09 of 3rd period - Icing by Ondrej Palat.
12:10 of 3rd period - Jordan Staal wins face-off versus Jeff Carter in SASKATOON DUCKS zone.
12:10 of 3rd period - Jordan Staal is hit by Ilya Mikheyev.
12:44 of 3rd period - Shot by Ilya Mikheyev.
12:44 of 3rd period - Deflect By Jeff Carter.
12:44 of 3rd period - Stopped by Cayden Primeau with a rebound.
12:46 of 3rd period - Shot by Jeff Carter.
12:46 of 3rd period - Stopped by Cayden Primeau without a rebound.
12:47 of 3rd period - Brayden Point wins face-off versus Robert Fabbri in SASKATOON DUCKS zone.
12:52 of 3rd period - Shot by Brayden Point.
12:52 of 3rd period - Deflect By Clayton Keller.
12:52 of 3rd period - Shot Blocked by Mathieu Joseph.
13:37 of 3rd period - Off-side.
13:38 of 3rd period - Jack Roslovic wins face-off versus Jordan Staal in neutral zone.
13:41 of 3rd period - Shot by Oliver Bjorkstrand.
13:41 of 3rd period - Stopped by Cayden Primeau without a rebound.
13:42 of 3rd period - Jordan Staal wins face-off versus Cole Caufield in SASKATOON DUCKS zone.
13:48 of 3rd period - Shot by Ryan Strome.
13:48 of 3rd period - Shot Misses the Net.
14:06 of 3rd period - Shot by Ryan Strome.
14:06 of 3rd period - Stopped by Semyon Varlamov with a rebound.
14:08 of 3rd period - Shot by Jordan Staal.
14:08 of 3rd period - Stopped by Semyon Varlamov with a rebound.
14:10 of 3rd period - Shot by Jordan Staal.
14:10 of 3rd period - Stopped by Semyon Varlamov without a rebound.
14:11 of 3rd period - Jeff Carter wins face-off versus Sidney Crosby in SAN JOSE BRONCOS zone.
14:26 of 3rd period - Shot by Brett Leason.
14:26 of 3rd period - Shot Blocked by Samuel Girard.
14:48 of 3rd period - Shot by Cam Atkinson.
14:48 of 3rd period - Stopped by Semyon Varlamov without a rebound.
14:49 of 3rd period - Brayden Point wins face-off versus Ryan Strome in SAN JOSE BRONCOS zone.
15:17 of 3rd period - Shot by Clayton Keller.
15:17 of 3rd period - Shot Blocked by Jordan Staal.
16:00 of 3rd period - Icing by Timothy Liljegren.
16:01 of 3rd period - Sidney Crosby wins face-off versus Jack Roslovic in SAN JOSE BRONCOS zone.
16:29 of 3rd period - Shot by Sidney Crosby.
16:29 of 3rd period - Stopped by Semyon Varlamov with a rebound.
16:39 of 3rd period - Icing by Oliver Bjorkstrand.
16:40 of 3rd period - Robert Fabbri wins face-off versus Jack Roslovic in SAN JOSE BRONCOS zone.
16:44 of 3rd period - Minor Penalty to Ivan Barbashev for Tripping.
16:45 of 3rd period - Brayden Point wins face-off versus Jordan Staal in SASKATOON DUCKS zone.
16:52 of 3rd period - Shot by Brayden Point.
16:52 of 3rd period - Shot Hit the Post.
16:54 of 3rd period - Shot by Jaccob Slavin.
16:54 of 3rd period - Stopped by Cayden Primeau without a rebound.
16:55 of 3rd period - Jordan Staal wins face-off versus Brayden Point in SASKATOON DUCKS zone.
16:55 of 3rd period - Jordan Staal is hit by Jesper Bratt.
17:29 of 3rd period - Shot by Brayden Point.
17:29 of 3rd period - Deflect By Jesper Bratt.
17:29 of 3rd period - Shot Blocked by Jake Sanderson.
17:31 of 3rd period - Shot by Jesper Bratt.
17:31 of 3rd period - Goal by Jesper Bratt - SAN JOSE BRONCOS : 5 - SASKATOON DUCKS : 2.
17:32 of 3rd period - Jeff Carter wins face-off versus Robert Fabbri in neutral zone.
18:16 of 3rd period - Ivan Barbashev is hit by Timothy Liljegren and loses puck.
18:54 of 3rd period - Shot by Ryan Strome.
18:54 of 3rd period - Shot Hit the Post.
18:56 of 3rd period - Shot by T.J. Brodie.
18:56 of 3rd period - Stopped by Semyon Varlamov without a rebound.
18:57 of 3rd period - Sidney Crosby wins face-off versus Jack Roslovic in SAN JOSE BRONCOS zone.
19:56 of 3rd period - T.J. Brodie is hit by Oliver Bjorkstrand and loses puck.
Goals for this period are 2 for SAN JOSE BRONCOS vs 0 for SASKATOON DUCKS.
Shots for this period are 16 for SAN JOSE BRONCOS vs 11 for SASKATOON DUCKS.


MATTHEW
TKACHUK
TOM
WILSON
JAKE
GUENTZEL